Map: Disco Bloodbath LE

Players

PengWin - Winner!

  • Race: Zerg Zerg
  • Spawn Location: 9:00

Bistork

  • Race: Protoss Protoss
  • Spawn Location: 3:00

Event: NationWars 2019

VOD

Have the link to the VOD?

Description

Time

  • Played on: Sept. 30, 2019, 11:26 a.m.
  • Length: 11:49
Show
View Real Time Build Order
Export as new Build Order

PengWin Zerg - Winner!

Build Orders: Hatch First 

Get SALT Encoding   

  12  0:01  Drone  
  13  0:12  Overlord  
  13  0:18  Drone  
  14  0:32  Drone x2  
  14  0:35  Drone  
  17  0:52  Hatchery  
  17  0:55  Drone  
  17  0:57  Drone  
  17  1:02  Extractor  
  17  1:12  Spawning Pool  
  17  1:17  Drone  
  17  1:21  Drone  
  18  1:30  Drone  
  19  1:42  Overlord  
  19  1:52  Extractor  
  19  2:02  Queen  
  19  2:04  Drone  
  19  2:05  Roach Warren, Drone  
  22  2:12  Drone  
  23  2:15  Metabolic Boost  
  23  2:29  Drone  
  24  2:34  Hatchery  
  23  2:44  Hatchery  
  22  2:49  Drone  
  22  2:51  Drone  
  24  2:58  Roach  
  26  3:06  Roach  
  28  3:13  Roach  
  28  3:14  Overlord  
  30  3:38  Roach  
  30  3:39  Roach x2  
  35  3:58  Roach  
  35  3:59  Queen  
  35  4:07  Ravager x2  
  35  4:08  Roach x2, Queen  
  43  4:13  Overlord x2  
  43  4:30  Ravager  
  44  4:33  Zergling x4  
  41  4:39  Roach x3  
  47  4:49  Zergling x2  
  46  4:58  Zergling x2  
  47  5:03  Zergling x2  
  47  5:09  Ravager x5  
  50  5:14  Zergling x8, Queen  
  55  5:27  Zergling x2  
  50  5:40  Zergling x4  
  51  5:54  Zergling x2  
  52  5:59  Roach x3  
  47  6:25  Queen  
  47  6:27  Roach x2  
  53  6:36  Overlord x2  
  42  7:06  Zergling x12  
  38  7:31  Zergling x2  
  38  7:32  Zergling x4  
  41  7:49  Queen  
  43  8:06  Drone x2  
  43  8:07  Spore Crawler, Drone  
  45  8:23  Spawning Pool  
  39  9:13  Zergling x4  
  39  9:14  Zergling x10  
  39  9:15  Queen  
  47  9:23  Roach Warren  
  46  9:48  Extractor  
  46  9:49  Drone x2  
  46  9:50  Drone  
  46  9:51  Queen  
  50  10:05  Roach  
  52  10:11  Roach x3  
  52  10:13  Ravager  
  59  10:29  Lair, Extractor  
  58  10:39  Drone x6  
Show
View Real Time Build Order
Export as new Build Order

Bistork Protoss 

Build Orders:  

Get SALT Encoding   

  12  0:00  Probe  
  13  0:13  Probe  
  14  0:18  Pylon  
  14  0:25  Probe (Chrono Boost)  
  15  0:37  Probe (Chrono Boost)  
  15  0:40  Gateway  
  16  0:45  Probe (Chrono Boost)  
  16  0:48  Assimilator  
  17  0:51  Probe  
  18  1:06  Probe, Forge  
  19  1:18  Probe  
  20  1:31  Cybernetics Core  
  20  1:32  Pylon  
  20  1:48  Pylon  
  20  1:51  Photon Cannon  
  20  1:53  Photon Cannon  
  20  2:09  Pylon  
  20  2:16  Photon Cannon  
  20  2:19  Robotics Facility  
  20  2:23  Shield Battery  
  20  2:27  Adept (Chrono Boost)  
  22  2:34  Probe  
  23  2:44  Shield Battery  
  23  3:04  Immortal (Chrono Boost)  
  23  3:05  Shield Battery  
  27  3:18  Photon Cannon  
  27  3:22  Shield Battery  
  27  3:30  Photon Cannon  
  27  3:38  Warp Prism (Chrono Boost)  
  29  3:47  Shield Battery  
  29  4:09  Pylon  
  29  4:10  Shield Battery  
  29  4:15  Photon Cannon  
  27  4:25  Immortal (Chrono Boost)  
  31  4:40  Shield Battery  
  31  4:43  Shield Battery  
  31  4:58  Immortal  
  35  5:21  Shield Battery  
  35  5:25  Pylon  
  35  5:35  Immortal (Chrono Boost)  
  22  7:18  Pylon  
  14  7:32  Immortal (Chrono Boost)  
  15  8:22  Observer  
  12  9:31  Observer  
  12  9:46  Observer  
Tags
 
Add a new tag
Caveats
  • Supply blocks, unpowered buildings, or Contaminate may cause inaccurate times.
  • Supply counts are checked every 10 seconds.